 Dungeon Crawl Stone Soup version 0.28.0-62-gf88900778d (webtiles) character file.

Game seed: 6652734874546685307

5831 cbfl8 the Cleaver (level 10, -6/88 HPs)
             Began as a Minotaur Fighter on June 30, 2023.
             Was a Follower of Okawaru.
             Mangled by an orc knight
             ... wielding a +0 battleaxe
              (20 damage)
             ... in a bailey.
             The game lasted 00:09:47 (7988 turns).

cbfl8 the Cleaver (Minotaur Fighter)                Turns: 7988, Time: 00:09:48

Health: -6/88      AC: 22    Str: 27    XL:     10   Next: 51%
Magic:  3/13       EV: 13    Int:  2    God:    Okawaru [*.....]
Gold:   225        SH: 12    Dex: 14    Spells: 9/9 levels left

rFire   + . .      SeeInvis +   G - +0 broad axe
rCold   . . .      Faith    .   c - +0 buckler
rNeg    . . .      Spirit   .   J - +4 chain mail {rF+}
rPois   .          Reflect  +   (helmet restricted)
rElec   .          Harm     .   (no cloak)
rCorr   .          Rampage  .   E - +3 Mad Mage's Maulers {Infuse+∞ RegenMP Int-3}
Will    .....                   F - +0 pair of boots
Stlth   +.........              m - amulet of reflection
HPRegen 0.24/turn               e - +6 ring of strength
MPRegen 0.53/turn               t - ring of see invisible

@: about to teleport, heroic
A: horns 2, retaliatory headbutt
a: Renounce Religion, Heroism


You were in a bailey.
You worshipped Okawaru.
Okawaru was aware of your devotion.
You visited 2 branches of the dungeon, and saw 8 of its levels.
You also visited: Bailey.

You collected 321 gold pieces.
You spent 96 gold pieces at shops.

Inventory:

Hand Weapons
 G - a +0 broad axe (weapon)
 I - the +6 hand axe "Giant's Peril" {flame, rPois rC+ rCorr Int-5}
   (You took it off an orc warrior in a bailey)

   It burns those it strikes, dealing additional fire damage.
   Big, fiery blades are also staple armaments of hydra-hunters.
   Int:       It affects your intelligence (-5).
   rC:        It protects you from cold.
   rPois:     It protects you from poison.
   rCorr:     It protects you from acid and corrosion.
Armour
 c - a +0 buckler (worn)
 h - a +0 chain mail
 E - the +3 Mad Mage's Maulers (worn) {Infuse+∞ RegenMP Int-3}
   (You found it on level 7 of the Dungeon)

   It empowers its wearer's blows with all of their magic.
   It causes its wearer's magical reserves to regenerate more quickly.
   Int:       It affects your intelligence (-3).
 F - a +0 pair of boots (worn)
 J - a +4 chain mail of fire resistance (worn)
Jewellery
 e - a +6 ring of strength (left hand)
 m - an amulet of reflection (around neck)
 t - a ring of see invisible (right hand)
Wands
 y - a wand of polymorph (5)
 B - a wand of flame (11)
Scrolls
 d - 2 scrolls of enchant weapon {unknown}
 j - 5 scrolls of fog
 k - 2 scrolls of noise
 l - a scroll of silence
 p - 3 scrolls of teleportation
 q - a scroll of holy word {unknown}
 r - a scroll of acquirement {unknown}
 s - 2 scrolls of enchant armour
 v - 3 scrolls of magic mapping
 w - a scroll of blinking {unknown}
 z - a scroll of amnesia {unknown}
 A - a scroll of immolation {unknown}
 H - a scroll of brand weapon {unknown}
Potions
 b - 2 potions of degeneration {unknown}
 f - 6 potions of curing
 g - a potion of ambrosia {unknown}
 i - 3 potions of heal wounds {unknown}
 n - 2 potions of haste {unknown}
 o - a potion of mutation {unknown}
 x - a potion of brilliance {unknown}
 C - a potion of cancellation {unknown}
 D - 2 potions of magic {unknown}


   Skills:
 + Level 8.0(13.0) Fighting
 * Level 10.9(15.9) Axes
 + Level 6.8(11.8) Armour
 * Level 6.4(11.4) Dodging
 * Level 5.1(10.1) Stealth
 + Level 6.0(11.0) Shields
 * Level 5.6 Invocations
 * Level 5.0 Evocations


You had 9 spell levels left.
You didn't know any spells.
Your spell library contained the following spells:

 Spells                   Type           Power      Damage    Failure   Level
 Borgnjor's Vile Clutch   Necr/Erth      0%         N/A       100%        5
 Animate Dead             Necr           Unusable   N/A       N/A         4
 Death Channel            Necr           Unusable   N/A       N/A         6

Dungeon Overview and Level Annotations

Branches:
Dungeon (7/15)             Temple (1/1) D:7          Bailey (1/1)

Altars:
Cheibriados
Dithmenos
Fedhas
Okawaru
Uskayaw
Xom
The Shining One

Shops:
D:2 !   D:5 (=**

Annotations:
D:4 3 runed translucent doors, cbfl8's ghost, amateur MiAK; cbfl8's ghost, amateur MiBe; macfelon's ghost, amateur DECj


Innate Abilities, Weirdness & Mutations

You have a pair of horns on your head.
You reflexively headbutt those who attack you in melee.


Message History

The orc warlord hits you but does no damage.
An orc comes into view. It is wielding a +0 war axe.
The orc knight roars a battlecry!
The orcs go into a battle-frenzy!
The orc warlord blocks your attack. x2
The orc warlord is severely wounded.
You block the orc warlord's attack. The orc warlord blocks your attack.
The orc warlord is severely wounded.
The orc warlord closely misses you. The orc warlord blocks your attack.
The orc warlord is severely wounded.
You slash the orc knight!
A goblin comes into view. It is wielding a +0 hand axe.
You block the orc knight's attack. The orc warlord barely misses you.
You furiously retaliate!
You headbutt the orc warlord!
You hit the orc warlord but do no damage.
The orc warlord is severely wounded.
You slash the orc knight!
The orc knight hits you with a +0 battleaxe!!!
A gnoll comes into view. It is wielding a +0 war axe.
You slash the orc warlord! You headbutt the orc warlord.
The orc warlord is almost dead.
You hit the orc knight.
The orc warlord hits you with a +0 vorpal war axe!
* * * LOW HITPOINT WARNING * * *
x2 The orc knight no longer looks unusually strong.
The orc warlord roars a battlecry!
The orc knight goes into a battle-frenzy!
You see here an orc corpse.
Okay, then.
You block the orc knight's attack.
Okay, then.
As you read the scroll of teleportation, it crumbles to dust.
You feel strangely unstable.
The orc knight no longer looks unusually strong.
The orc warlord roars a battlecry!
The orc knight goes into a battle-frenzy!
The orc knight hits you with a +0 battleaxe!!
You die...

#..))...# ....#..
##.......##.. ...##..
#.........#....o..#...
##......[).###...###...
#.....⌠.....###g###....
##.........##88.88##...
#.........#.......#...
##....o..##g......##..
#...@.o†o.........'..
##....o##g........##.
#######.....⌠.....##
##.........##
#.........# ##.......##
#.....).# ##..∩..##
#######


You could see an orc warlord (strong), 2 orc knights, a gnoll, an orc (strong)
and a goblin.

Vanquished Creatures
  Sigmund (D:4)
  A shadow (D:6)
  A steam dragon (D:6)
  11 orc warriors
  A sky beast (D:6)
  3 necrophages
  2 centaurs (D:6)
  An ogre (D:5)
  A kobold brigand (D:7)
  A bullfrog (D:7)
  A centaur zombie (D:6)
  2 jellies
  2 orc priests
  2 hounds (D:5)
  2 centaur skeletons
  2 bullfrog skeletons
  4 iguanas
  2 orc wizards (D:3)
  A hound zombie (D:5)
  A hound skeleton (D:4)
  Robin (D:2)
  3 gnolls (Bailey)
  7 river rats (D:5)
  5 adders
  3 worms
  A dart slug (D:4)
  30 orcs
  5 endoplasms
  3 giant cockroaches
  31 goblins
  17 hobgoblins
  4 jackals (D:2)
  11 kobolds
  8 quokkas
  7 ball pythons
  5 bats
  5 frilled lizards
  A quokka skeleton (D:4)
  22 rats
211 creatures vanquished.

Vanquished Creatures (others)
  4 withered plants (D:4)
4 creatures vanquished.

Grand Total: 215 creatures vanquished

Notes
Turn   | Place    | Note
-------+----------+-------------------------------------------
     0 | D:1      | cbfl8 the Minotaur Fighter began the quest for the Orb.
     0 | D:1      | Reached XP level 1. HP: 19/19 MP: 0/0
   205 | D:1      | Reached XP level 2. HP: 27/27 MP: 1/1
   280 | D:1      | Found a faded altar of an unknown god.
   923 | D:2      | Reached XP level 3. HP: 20/33 MP: 2/2
  1111 | D:2      | Found a shimmering altar of Xom.
  1205 | D:2      | Noticed Robin
  1212 | D:2      | Reached skill level 3 in Axes
  1218 | D:2      | Killed Robin
  1219 | D:2      | Reached skill level 1 in Dodging
  1358 | D:2      | Reached skill level 1 in Evocations
  1359 | D:2      | Reached skill level 1 in Invocations
  1359 | D:2      | Reached XP level 4. HP: 36/40 MP: 3/3
  1637 | D:2      | Found Kasukam's Distillery.
  1671 | D:2      | Bought a potion of curing for 36 gold pieces
  1907 | D:3      | Reached XP level 5. HP: 8/46 MP: 4/4
  2097 | D:3      | Reached skill level 4 in Axes
  2315 | D:3      | Reached skill level 1 in Stealth
  3239 | D:4      | Noticed Sigmund
  3247 | D:4      | Killed Sigmund
  3248 | D:4      | Reached XP level 6. HP: 39/52 MP: 4/6
  3377 | D:4      | Found a runed translucent gate.
  3469 | D:4      | Found a runed translucent gate.
  3470 | D:4      | Found a runed translucent gate.
  3471 | D:4      | Noticed cbfl8's ghost (amateur MiBe)
  3471 | D:4      | Noticed cbfl8's ghost (amateur MiAK)
  3471 | D:4      | Noticed macfelon's ghost (amateur DECj)
  3801 | D:5      | Entered Level 5 of the Dungeon
  3801 | D:5      | Found Uddoag's Jewellery Emporium.
  3810 | D:5      | Found Huvadwey's General Store.
  3819 | D:5      | Bought a scroll of teleportation for 36 gold pieces
  3819 | D:5      | Bought a scroll of identify for 24 gold pieces
  3872 | D:5      | Reached skill level 5 in Axes
  3886 | D:5      | Found Venguj's General Store.
  4236 | D:5      | Reached XP level 7. HP: 46/60 MP: 7/7
  4395 | D:5      | Reached skill level 5 in Fighting
  4450 | D:5      | Reached skill level 6 in Axes
  4732 | D:5      | Found Etuvav's Weapon Shoppe.
  5160 | D:6      | Noticed a shadow
  5170 | D:6      | Killed a shadow
  5171 | D:6      | Reached skill level 7 in Axes
  5171 | D:6      | Reached XP level 8. HP: 53/68 MP: 8/8
  5341 | D:6      | Reached skill level 5 in Armour
  5624 | D:6      | Reached skill level 8 in Axes
  6539 | D:6      | Found a faded altar of an unknown god.
  6539 | D:6      | Found a snail-covered altar of Cheibriados.
  6548 | D:6      | Found a hide-covered altar of Uskayaw.
  6550 | D:6      | Found a blossoming altar of Fedhas.
  6552 | D:6      | Found a glowing golden altar of the Shining One.
  6645 | D:7      | Found the +3 Mad Mage's Maulers {Infuse+∞ RegenMP Int-3}
  6698 | D:7      | Found a staircase to the Ecumenical Temple.
  6710 | Temple   | Entered the Ecumenical Temple
  6726 | Temple   | Became a worshipper of Warmaster Okawaru
  6785 | D:7      | Reached XP level 9. HP: 62/75 MP: 0/10
  6830 | D:7      | Found a flagged portal.
  6841 | Bailey   | Entered a bailey
  6903 | Bailey   | Reached skill level 9 in Axes
  7414 | Bailey   | Reached * piety under Okawaru
  7776 | Bailey   | Identified the +6 hand axe "Giant's Peril" {flame, rPois
                  | rC+ rCorr Int-5}
  7798 | Bailey   | Reached skill level 10 in Axes
  7798 | Bailey   | Reached skill level 5 in Stealth
  7798 | Bailey   | Reached skill level 5 in Invocations
  7798 | Bailey   | Reached skill level 5 in Evocations
  7798 | Bailey   | Reached XP level 10. HP: 63/88 MP: 7/13
  7911 | Bailey   | Noticed an orc knight
  7966 | Bailey   | Noticed an orc warlord
  7975 | Bailey   | Noticed an orc knight
  7988 | Bailey   | Mangled by an orc knight

Illustrated notes

Levels and vault maps discovered:
D:1:      wander_arrival_lonely_grave, layout_basic,
          chequers_ecumenical_altar_island, moated_statue, minmay_box_of_dots
D:2:      layout_loops_corners, basic_altar, serial_shops, shop,
          minmay_diced_spiral, uniq_robin
D:3:      layout_rooms, serial_co_window_serial, co_window_paths_a,
          co_window_paths_a, co_window_corner_a, co_window_cross_1,
          co_window_paths_b, co_window_unsneaky_path_d, co_window_corner_b,
          co_window_broadway_c, co_window_broadway_a, co_window_2corner,
          co_window_unsneaky_path_d, glass_columns_b, glass_columns_b,
          glass_columns_a, glass_columns_a, minivault_27, corexii_shack
D:4:      layout_rooms, gammafunk_ghost_cemetery, minmay_misc_feat_diagonals,
          hangedman_abyss_or_decor_lesser_grid, uniq_sigmund
D:5:      lemuel_ratsnest, layout_layer_cave, serial_shops,
          nicolae_stop_n_shop_2, nicolae_stop_n_shop_2, shop_fountains,
          nicolae_shop_trees
D:6:      layout_loops_ring, chequers_temple_overflow_minitemple
D:7:      layout_rooms, minmay_temple_entry_drinking_statues, enter_bailey_5
Temple:   hc_temple_tempest_star
Bailey:   bailey_axe_minmay_hex_keep, bailey

Skill      XL: |  1  2  3  4  5  6  7  8  9 |
---------------+----------------------------+-----
Axes           | 3 4 5 7 8 10 | 10.9
Armour         | 4 5 6 |  6.8
Dodging        | 1 2 3 4 6 |  6.4
Evocations     | 1 2 5 |  5.0
Invocations    | 1 2 3 5 |  5.6
Fighting       | 4 5 8 |  8.0
Stealth        | 1 2 3 5 |  5.1
Shields        | 4 6 |  6.0

Action                   |  1- 3 |  4- 6 |  7- 9 | 10-12 || total
-------------------------+-------+-------+-------+-------++-------
Melee: War axe           |    77 |   109 |   218 |    11 ||   415
       Headbutt          |    14 |    16 |    40 |     6 ||    76
       Broad axe         |       |       |       |    11 ||    11
Invok: Heroism           |       |       |       |     1 ||     1
Evoke: Wand              |       |       |     2 |     5 ||     7
  Use: Scroll            |       |     5 |     1 |     1 ||     7
       Potion            |       |     1 |     2 |       ||     3
Armor: Scale mail        |     5 |       |       |       ||     5
       Chain mail        |    34 |    63 |   107 |     3 ||   207
Dodge: Dodged            |    26 |    50 |   105 |     9 ||   190
Block: Buckler           |    15 |    24 |    86 |     7 ||   132
       Reflection        |       |       |     3 |       ||     3
